 Dungeon Crawl Stone Soup version 0.28.0-43-g3370ac3207 (webtiles) character file.

Game seed: 9244961031068579197

46 pkoi the Firebug (level 3, -2/21 HPs)
             Began as an Octopode Fire Elementalist on Mar 17, 2022.
             Killed by nerve-wracking pain
             ... invoked by Jessica
              (10 damage)
             ... on level 2 of the Dungeon.
             The game lasted 00:03:30 (1680 turns).

pkoi the Firebug (Octopode Fire Elementalist)       Turns: 1680, Time: 00:03:30

Health: -2/21      AC:  1    Str:  7    XL:     3   Next: 66%
Magic:  0/6        EV: 13    Int: 19    God:
Gold:   50         SH:  0    Dex: 12    Spells: 3/6 levels left

rFire   . . .      SeeInvis .   b - +0 hand axe
rCold   . . .      Faith    .   (no shield)
rNeg    . . .      Spirit   .   (helmet restricted)
rPois   .          Reflect  .   (no amulet)
rElec   .          Harm     .   (no ring)
rCorr   .          Rampage  .   (no ring)
Will    .....                   (no ring)
Stlth   +++.......              (no ring)
HPRegen 0.07/turn               (no ring)
MPRegen 0.10/turn               (no ring)
                                (no ring)
                                (no ring)

@: no status effects
A: almost no armour, amphibious, 8 rings, camouflage 1, gelatinous body 1,
(nimble swimmer 1), tentacles
a: no special abilities


You were on level 2 of the Dungeon.
You visited 1 branch of the dungeon, and saw 2 of its levels.

You collected 50 gold pieces.

Inventory:

Hand Weapons
 b - a +0 hand axe (weapon)
Missiles
 a - 4 poisoned darts
Scrolls
 e - a scroll of vulnerability {unknown}
 h - a scroll of teleportation {unknown}
 j - a scroll of immolation {unknown}
 k - a scroll of noise {unknown}
Potions
 c - a potion of ambrosia {unknown}
 d - a potion of brilliance {unknown}
 f - a potion of might {unknown}
 g - a potion of attraction {unknown}
 i - 2 potions of degeneration {unknown}


   Skills:
 - Level 2.1 Dodging
 - Level 3.0 Stealth
 + Level 2.4 Spellcasting
 * Level 2.0 Conjurations
 * Level 3.5 Fire Magic


You had 3 spell levels left.
You knew the following spells:

 Your Spells              Type           Power      Damage    Failure   Level
a - Foxfire               Conj/Fire      48%        2x1d6     5%          1
b - Scorch                Fire           30%        2d6       6%          2

Your spell library contained the following spells:

 Spells                   Type           Power      Damage    Failure   Level
 Conjure Flame            Conj/Fire      12%        6-21      16%         3
 Inner Flame              Hex/Fire       9%         N/A       24%         3
 Flame Wave               Conj/Fire      12%        2d6       45%         4
 Freezing Cloud           Conj/Ice/Air   2%         6-21      98%         5
 Simulacrum               Ice/Necr       1%         N/A       100%        6
 Polar Vortex             Ice            1%         N/A       100%        9


Dungeon Overview and Level Annotations

Branches:
Dungeon (2/15)

Altars:

Annotations:
D:2 1 runed translucent door, Crazy Yiuf, Jessica


Innate Abilities, Weirdness & Mutations

You cannot wear most types of armour.
You are amphibious.
You can wear up to eight rings at the same time.
Your skin changes colour to match your surroundings (Stealth+).
Your rubbery body absorbs attacks. (AC +1, EV +1)
((You are camouflaged when in or above water. (Stealth+)))
You have tentacles for arms and can constrict up to eight enemies at once.


Message History

Jessica shouts!
Jessica casts a spell.
Jessica blinks!
You conjure some foxfire!
You conjure some foxfire!
You conjure some foxfire!
Your foxfire dissipates! x2
Your foxfire dissipates!
Found 5 gold pieces.
Your foxfire dissipates! x2
You conjure some foxfire!
Jessica gestures wildly while chanting.
Jessica seems to speed up.
You miscast Foxfire.
You are very lightly contaminated with residual magic.
Nothing appears to happen.
Jessica mumbles some strange words.
Jessica blinks!
You conjure some foxfire!
Your foxfire dissipates! x2
You are too depleted to draw on your mana recklessly!
Unknown command.
You start resting.
Your foxfire dissipates! x2
You start resting.
Jessica is nearby!
You conjure some foxfire!
Jessica gestures at you while chanting. Pain shoots through your body!
Ouch! That really hurt!
* * * LOW HITPOINT WARNING * * *
Your magical contamination has completely faded away.
You are too injured to fight recklessly!
The foxfire hits Jessica.
Jessica is heavily wounded.
The foxfire hits Jessica.
Jessica is severely wounded.
Jessica casts a spell at you. Pain shoots through your body!
You die...

..$.... #...##.
#.....####.# #g..+.#
#..........# #)..###
#......##..# ###
#......##..#
.####......##..#
.........@.##..############
#.......##..............
+......@..............†.
#.....####....#.........
#####.#####...#..#######
#.............##### #
#.......#.........# #
#..|......##......# #
#.........##......# #
#.........##......# #
#.........##......# #


You could see Jessica (fast).

Vanquished Creatures
  2 adders (D:2)
  A dart slug (D:1)
  A bat (D:2)
  3 endoplasms (D:1)
  A giant cockroach (D:2)
  2 goblins (D:1)
  2 hobgoblins
  2 quokkas (D:1)
  4 ball pythons (D:1)
  A frilled lizard (D:1)
  3 kobolds (D:1)
  4 rats (D:1)
26 creatures vanquished.

Vanquished Creatures (others)
  92 foxfires
92 creatures vanquished.

Grand Total: 118 creatures vanquished

Notes
Turn   | Place    | Note
-------+----------+-------------------------------------------
     0 | D:1      | pkoi the Octopode Fire Elementalist began the quest for the
                  | Orb.
     0 | D:1      | Reached XP level 1. HP: 11/11 MP: 3/3
   579 | D:1      | Reached XP level 2. HP: 17/17 MP: 1/5
  1096 | D:1      | Found a faded altar of an unknown god.
  1373 | D:2      | Reached XP level 3. HP: 21/21 MP: 3/6
  1417 | D:2      | Learned a level 2 spell: Scorch
  1624 | D:2      | Found a runed translucent door.
  1625 | D:2      | Noticed Crazy Yiuf
  1662 | D:2      | Noticed Jessica
  1680 | D:2      | Killed from afar by Jessica

Illustrated notes

Levels and vault maps discovered:
D:1:      dpeg_arrival_three_smaller_balls, layout_basic,
          hellmonk_ecumenical_altar_run_dry
D:2:      layout_basic, minmay_misc_feat_pillars, uniq_jessica,
          uniq_crazy_yiuf_cottage

Skill      XL: |  1  2  3 |
---------------+----------+-----
Stealth        | 3 |  3.0
Conjurations   | 2 |  2.0
Dodging        | |  2.1
Spellcasting   | |  2.4
Fire Magic     | |  3.5

Action                   || total
-------------------------++-------
Melee: Hand axe          ||     9
       Constrict         ||     4
       Tentacles         ||     3
 Cast: Foxfire           ||    56
Armor: Skin              ||     2
Dodge: Dodged            ||     6
